 Dungeon Crawl Stone Soup version 0.17.1-3-g152610e (webtiles) character file.

7329 Peloso the Blocker (level 10, -6/91 HPs)
             Began as a Minotaur Fighter on Apr 23, 2016.
             Was a High Priest of Okawaru.
             Mangled by a hill giant
             ... wielding a +0 giant spiked club
              (34 damage)
             ... on level 10 of the Dungeon.
             The game lasted 00:28:37 (9447 turns).

Peloso the Blocker (Minotaur Fighter)               Turns: 9447, Time: 00:28:37

Health: -6/91      AC: 18    Str: 21    XL:     10   Next: 90%
Magic:  9/9        EV:  7    Int:  5    God:    Okawaru [*****.]
Gold:   588        SH: 13    Dex: 13    Spells: 0 memorised, 9 levels left

rFire  . . .     SeeInvis .     a - +0 long sword
rCold  . . .     Clarity  .     r - +1 plate armour
rNeg   . . .     SustAt   +     c - +0 shield
rPois  .         Gourm    .     G - +2 hat
rElec  .         Spirit   .     I - +0 cloak
rCorr  .         Warding  .     (no gloves)
rMut   .         Stasis   .     (no boots)
MR     .....                    (no amulet)
Stlth  ..........               (no ring)
                                O - ring of sustain attributes

@: drained, not resistant to hostile enchantments, extremely unstealthy
A: retaliatory headbutt, horns 2
a: Heroism, Finesse, Renounce Religion


You were on level 10 of the Dungeon.
You worshipped Okawaru.
Okawaru was extremely pleased with you.
You were very hungry.

You visited 2 branches of the dungeon, and saw 11 of its levels.
You also visited: Ossuary.

You collected 588 gold pieces.

Inventory:

Hand Weapons
 a - a +0 long sword (weapon)
 b - a +2 falchion
 x - the +2 dagger of the Whelk {flame, Int+4 Dex-5}
   (You found it on level 7 of the Dungeon)

   It has been specially enchanted to burn those struck by it, causing extra
   injury to most foes and up to half again as much damage against particularly
   susceptible opponents.
   It affects your intelligence (+4).
   It affects your dexterity (-5).
Armour
 c - a +0 shield (worn)
 r - a +1 plate armour (worn)
 G - a +2 hat (worn)
 I - a +0 cloak (worn)
Jewellery
 C - an uncursed amulet of regeneration
 O - a ring of sustain attributes (left hand)
Wands
 E - a wand of magic darts (12)
 J - a wand of disintegration (24)
 M - a wand of cold (8)
Scrolls
 l - a scroll of identify
 o - a scroll of fog
 q - 4 scrolls of teleportation
 y - a scroll of remove curse
 F - 2 scrolls of magic mapping
 N - a scroll of enchant armour
Potions
 f - 2 potions of heal wounds
 g - a potion of resistance
 h - 2 potions of agility
 i - 5 potions of might
 j - a potion of invisibility
 m - 3 potions of flight
 n - 4 potions of curing
 u - 2 potions of berserk rage
 z - a potion of haste
 A - 4 potions of mutation {unknown}
 D - a potion of beneficial mutation {unknown}
 H - a potion of brilliance {unknown}
Books
 d - a book of Summonings

   Spells                             Type                      Level
   a - Recall                         Summoning/Translocation      3
   b - Aura of Abjuration             Summoning                    5
   c - Shadow Creatures               Summoning                    5
   d - Summon Demon                   Summoning                    5
   e - Summon Forest                  Summoning/Translocation      5
   f - Summon Mana Viper              Hexes/Summoning              5
Comestibles
 e - 7 bread rations
 k - 5 meat rations
 p - 4 beef jerkies
 v - 4 fruits
 K - 7 slices of pizza


   Skills:
 + Level 9.3(9.0) Fighting
 + Level 9.4(9.1) Long Blades
 + Level 9.4(9.1) Armour
 + Level 4.0(3.7) Dodging
 + Level 0.5(0.2) Stealth
 + Level 12.4(12.1) Shields
 + Level 0.6(0.3) Invocations
 + Level 0.3(0.1) Evocations


You had 9 spell levels left.
You didn't know any spells.

Dungeon Overview and Level Annotations

Branches:
Dungeon (10/15)            Temple (1/1) D:6            Lair (0/8) D:8
    Orc: D:9-12

Altars:
Ashenzari
Elyvilon
Fedhas
Gozag
Nemelex Xobeh
Okawaru
Trog
Vehumet
Xom
Zin


Innate Abilities, Weirdness & Mutations

You reflexively headbutt those who attack you in melee.
You have a pair of horns on your head.


Message History

The hill giant barely misses you. You furiously retaliate!
You headbutt the hill giant. You barely miss the hill giant.
You headbutt the hill giant!
The hill giant is heavily wounded.
You block the hill giant's attack.
You hit the hill giant but do no damage.
The hill giant is moderately wounded.
You slash the hill giant!
The hill giant is heavily wounded.
The hill giant hits you with a giant spiked club!!
You slash the hill giant! You headbutt the hill giant.
The hill giant is severely wounded.
You block the hill giant's attack.
You barely miss the hill giant.
The hill giant is severely wounded.
You hit the hill giant but do no damage.
Your headbutt misses the hill giant.
The hill giant is severely wounded.
The hill giant hits you with a giant spiked club!!
You die...

#cc≈≈≈ ###### #c≈≈≈ #
.≈≈≈≈. # ≈≈≈#.### ##
.....# # #. #.#.##.# #.
#..(...# #.
###.###########(#### #.
#......@....# #(# #.
#......C###.###.#######.
#.......#......)#)).....
#.........#....)).......
#.........#..#..#.......
#.......(.#.....#######.
#........)...#.## #.
########..##.#.# >. #..
..... #.


You could see a hill giant.

Vanquished Creatures
  A two-headed ogre (D:8)
  The ghost of CcS the Ruffian, an amateur DrTm (D:3)
  Prince Ribbit (D:7)
  A troll (D:10)
  A wyvern (D:6)
  Sigmund (D:6)
  3 hippogriffs
  A hungry ghost (D:8)
  A human (D:7)
  2 insubstantial wisps (D:8)
  A steam dragon (D:8)
  Edmund (D:6)
  Duvessa (D:7)
  An orc warrior (D:8)
  A water moccasin (D:8)
  2 ogres
  An eye of draining (D:8)
  2 ice beasts
  4 sky beasts
  3 phantoms
  5 centaurs
  3 big kobolds
  A gnoll sergeant (D:8)
  4 giant frogs
  Dowan (D:7)
  2 scorpions
  7 killer bees (D:8)
  3 water moccasin zombies (Ossuary)
  15 wights
  3 crimson imps
  2 giant frog zombies
  A jelly (D:5)
  3 worker ants
  Crazy Yiuf (D:6)
  A giant frog skeleton (D:5)
  4 iguanas
  3 orc priests
  3 centaur skeletons
  A gnoll shaman (D:6)
  8 hounds
  2 orc wizards
  A killer bee zombie (D:8)
  4 sheep (D:7)
  2 big kobold zombies (Ossuary)
  A hound skeleton (D:5)
  2 hound zombies
  3 mummies
  7 adders
  9 gnolls
  3 shadow imps
  An adder skeleton (D:6)
  8 adder zombies
  6 worms
  2 giant geckos
  9 orcs
  7 bats
  5 hobgoblins
  10 jackals
  7 quokkas
  2 ball pythons (D:3)
  3 giant cockroaches
  A giant gecko skeleton (D:6)
  A giant gecko zombie (D:6)
  7 giant newts
  6 gnoll zombies (Ossuary)
  13 goblins
  3 hobgoblin zombies (Ossuary)
  29 kobolds
  13 kobold zombies (Ossuary)
  2 orc zombies (Ossuary)
  7 rats
277 creatures vanquished.

Vanquished Creatures (others)
  A sky beast (D:8)
1 creature vanquished.

Grand Total: 278 creatures vanquished

Notes
Turn   | Place    | Note
--------------------------------------------------------------
     0 | D:1      | Peloso the Minotaur Fighter began the quest for the Orb.
     0 | D:1      | Reached XP level 1. HP: 19/19 MP: 0/0
   101 | D:1      | Reached skill level 4 in Fighting
   211 | D:1      | Reached XP level 2. HP: 25/27 MP: 1/1
   682 | D:1      | Reached XP level 3. HP: 34/34 MP: 2/2
   913 | D:2      | Reached skill level 1 in Dodging
   990 | D:4      | Found a sparkling altar of Nemelex Xobeh.
  1002 | D:4      | Reached XP level 4. HP: 24/41 MP: 3/3
  1102 | D:4      | Found an opulent altar of Gozag.
  1116 | D:4      | Found a radiant altar of Vehumet.
  1237 | D:4      | Found a glowing silver altar of Zin.
  1254 | D:4      | Found a shimmering altar of Xom.
  1274 | D:4      | Found a white marble altar of Elyvilon.
  1494 | D:5      | Entered Level 5 of the Dungeon
  1515 | D:5      | Reached XP level 5. HP: 47/47 MP: 4/4
  1556 | D:5      | Found an iron altar of Okawaru.
  1562 | D:5      | Became a worshipper of Warmaster Okawaru
  1657 | D:5      | Reached skill level 5 in Shields
  2540 | D:6      | Found a staircase to the Ecumenical Temple.
  2552 | D:6      | Reached skill level 5 in Fighting
  2552 | D:6      | Reached XP level 6. HP: 35/56 MP: 5/5
  2752 | D:3      | Noticed CcS's ghost (amateur DrTm)
  2763 | D:3      | Killed CcS's ghost
  2763 | D:3      | Reached * piety under Okawaru
  2763 | D:3      | Reached skill level 5 in Armour
  2763 | D:3      | Reached skill level 6 in Shields
  2763 | D:3      | Reached XP level 7. HP: 31/61 MP: 6/6
  3049 | D:3      | Found a faded altar to an unknown god.
  3486 | D:5      | Noticed an ogre
  3494 | D:5      | Killed an ogre
  3590 | D:5      | Reached skill level 7 in Shields
  3591 | D:5      | Reached ** piety under Okawaru
  3757 | D:5      | Found a bloodstained altar of Trog.
  4313 | D:6      | Noticed Sigmund
  4340 | D:6      | Killed Sigmund
  4340 | D:6      | Reached skill level 5 in Long Blades
  4340 | D:6      | Reached XP level 8. HP: 51/70 MP: 7/7
  4413 | D:6      | Noticed a sky beast
  4435 | D:6      | Killed a sky beast
  4525 | D:6      | Noticed Edmund
  4538 | D:6      | Killed Edmund
  4551 | D:6      | Found a shattered altar of Ashenzari.
  4614 | D:6      | Reached skill level 8 in Shields
  4787 | D:6      | Reached *** piety under Okawaru
  4932 | D:6      | Noticed Crazy Yiuf
  4936 | D:6      | Killed Crazy Yiuf
  5238 | Temple   | Entered the Ecumenical Temple
  5334 | D:7      | Got a brightly glowing dagger
  5344 | D:7      | Identified the +2 dagger of the Whelk {flame, Int+4 Dex-5} (You found it on level 7 of the Dungeon)
  5391 | D:7      | Reached XP level 9. HP: 79/79 MP: 8/8
  5413 | D:7      | Reached skill level 9 in Shields
  5489 | D:7      | Found a sand-covered staircase.
  5499 | Ossuary  | Entered an ossuary
  5792 | D:7      | Noticed Dowan
  5794 | D:7      | Noticed Duvessa
  5843 | D:7      | Killed Duvessa
  5879 | D:7      | Killed Dowan
  6313 | D:7      | Noticed Prince Ribbit
  6326 | D:7      | Killed Prince Ribbit
  6326 | D:7      | Reached skill level 10 in Shields
  6439 | D:7      | Reached **** piety under Okawaru
  6713 | D:8      | Found a blossoming altar of Fedhas.
  6757 | D:8      | Reached XP level 10. HP: 70/89 MP: 9/9
  7060 | D:8      | Reached skill level 11 in Shields
  7092 | D:8      | Found a staircase to the Lair.
  8590 | D:8      | Reached ***** piety under Okawaru
  8590 | D:8      | Reached skill level 12 in Shields
  9208 | D:10     | Entered Level 10 of the Dungeon
  9437 | D:10     | Noticed a hill giant
  9447 | D:10     | Mangled by a hill giant

Action                   |  1- 3 |  4- 6 |  7- 9 | 10-12 || total
-------------------------+-------+-------+-------+-------++-------
Melee: Long sword        |   106 |   129 |   260 |   368 ||   863
       Falchion          |       |       |   448 |       ||   448
Invok: Heroism           |       |       |     4 |       ||     4
Evoke: Wand              |       |       |     2 |       ||     2
  Use: Potion            |       |     1 |       |     1 ||     2
       Scroll            |       |       |    12 |     9 ||    21
  Eat: Chunk             |       |     6 |    16 |     9 ||    31
       Beef jerky        |       |       |     1 |       ||     1
